Map: Ultralove

Players

prisonwallet - Winner!

  • Race: Terran Terran
  • League: Master
  • Spawn Location: 1:00

llllIIIlllIl

  • Race: Protoss Protoss
  • League: Master
  • Spawn Location: 7:00

VOD

Have the link to the VOD?

Description

Time

  • Played on: April 8, 2025, 2:16 p.m.
  • Length: 7:53
Show
View Real Time Build Order
Export as new Build Order

prisonwallet Terran - Winner!

Build Orders: Reaper Expand 

Get SALT Encoding   

  12  0:00  SCV  
  13  0:12  SCV  
  14  0:17  Supply Depot  
  14  0:24  SCV  
  15  0:39  SCV  
  15  0:40  Barracks  
  16  0:45  Refinery  
  16  0:51  SCV  
  17  1:03  SCV  
  18  1:15  SCV  
  19  1:28  Reaper  
  19  1:29  Orbital Command  
  20  1:39  Command Center  
  20  1:47  Supply Depot  
  20  1:55  SCV  
  20  2:00  Marine  
  22  2:05  Factory  
  22  2:09  SCV  
  23  2:21  SCV  
  24  2:23  Barracks Reactor  
  24  2:24  Bunker  
  24  2:28  Refinery  
  24  2:33  SCV  
  25  2:45  SCV  
  26  2:54  Orbital Command  
  26  2:57  SCV  
  26  3:04  Starport  
  26  3:06  Hellion x2  
  26  3:09  SCV  
  31  3:12  Barracks Tech Lab  
  31  3:21  SCV  
  31  3:22  SCV  
  33  3:28  Hellion x2  
  33  3:30  Supply Depot  
  37  3:35  SCV  
  37  3:36  SCV  
  37  3:40  Medivac  
  42  3:47  SCV  
  42  3:48  SCV  
  43  3:51  Barracks  
  43  3:54  Supply Depot  
  43  3:56  Marine x2  
  43  4:00  SCV x2  
  43  4:02  Siege Tank  
  50  4:07  Supply Depot  
  50  4:13  Barracks  
  50  4:16  SCV x2  
  52  4:18  Marine  
  52  4:19  Refinery  
  53  4:26  Supply Depot  
  53  4:28  SCV x2  
  53  4:29  Marine  
  56  4:39  Siege Tank  
  56  4:40  SCV x2, Barracks Tech Lab  
  56  4:42  Supply Depot  
  61  4:47  Marine  
  61  4:52  SCV  
  63  4:54  Marine  
  63  4:58  Engineering Bay, Marine  
  64  5:00  Barracks Tech Lab  
  64  5:05  Stimpack, Marine  
  64  5:06  Supply Depot  
  65  5:09  Starport Reactor  
  65  5:12  Marine  
  66  5:14  Siege Tank  
  66  5:15  Marine  
  66  5:19  Marine  
  66  5:20  Combat Shield  
  72  5:22  Marine  
  72  5:27  SCV  
  72  5:28  Supply Depot  
  73  5:30  Marine  
  73  5:33  Marine  
  69  5:36  SCV  
  69  5:37  Marine  
  69  5:40  Refinery  
  67  5:43  Supply Depot, Marine  
  67  5:46  Siege Tank  
  67  5:48  Marine  
  72  5:52  Marauder  
  72  5:53  Medivac  
  72  5:56  SCV x2  
  78  6:00  Marauder  
  78  6:01  Marine  
  81  6:04  Supply Depot  
  81  6:06  Marine  
  82  6:13  Marauder  
  84  6:19  Siege Tank, Marine  
  84  6:21  Marauder  
  90  6:25  Medivac  
  90  6:27  Marine  
  91  6:34  Marauder  
  91  6:37  Marine  
  92  6:42  Marine  
  92  6:45  Marine  
  81  6:55  Marine  
  81  6:56  Marauder  
  81  7:00  Marine  
  85  7:07  SCV x2  
  83  7:12  Marine x2  
  85  7:17  Marauder  
  85  7:20  SCV x2  
  78  7:37  SCV x2  
Show
View Real Time Build Order
Export as new Build Order

llllIIIlllIl Protoss 

Build Orders: 1 Gate Expand, Blink Stalkers 

Get SALT Encoding   

  12  0:00  Probe  
  13  0:12  Probe  
  14  0:18  Pylon  
  14  0:24  Probe  
  15  0:35  Probe  
  15  0:36  Gateway  
  16  0:43  Probe  
  16  0:44  Assimilator  
  17  0:53  Probe  
  18  1:05  Probe  
  19  1:18  Probe  
  19  1:24  Cybernetics Core  
  20  1:34  Nexus  
  20  1:40  Pylon  
  20  1:43  Probe  
  21  1:48  Stalker  
  21  1:49  Assimilator  
  21  1:56  Probe  
  24  2:07  Probe  
  24  2:11  Warp Gate  
  25  2:15  Probe  
  25  2:20  Pylon  
  26  2:23  Probe  
  27  2:35  Twilight Council, Probe  
  28  2:42  Stalker  
  28  2:47  Probe  
  28  2:48  Probe  
  32  2:51  Blink  
  32  2:57  Probe  
  32  2:59  Probe  
  34  3:11  Probe  
  34  3:12  Probe  
  35  3:18  Gateway  
  36  3:23  Probe  
  36  3:24  Gateway  
  37  3:30  Probe  
  38  3:35  Probe, Shield Battery  
  39  3:46  Probe  
  40  3:54  Shield Battery  
  40  3:57  Shield Battery  
  40  4:00  Probe x2  
  42  4:04  Nexus  
  42  4:11  Stalker  
  42  4:13  Stalker  
  46  4:18  Stalker  
  46  4:23  Probe x2  
  50  4:35  Probe x2  
  52  4:38  Assimilator  
  52  4:41  Pylon  
  52  4:44  Robotics Facility  
  52  4:47  Probe x2  
  52  4:48  Pylon  
  54  4:59  Probe x2  
  56  5:02  Forge  
  56  5:06  Assimilator  
  56  5:11  Probe x2  
  56  5:14  Stalker x2  
  62  5:20  Forge  
  62  5:21  Pylon  
  62  5:23  Probe x2  
  64  5:34  Stalker  
  66  5:43  Probe  
  66  5:44  Observer, Probe x2  
  66  5:48  Robotics Bay  
  70  5:56  Probe x2  
  72  5:57  Gateway, Charge  
  72  5:58  Gateway  
  72  6:00  Gateway  
  72  6:03  Pylon  
  72  6:15  Zealot x3  
  78  6:21  Pylon  
  78  6:24  Gateway  
  78  6:36  Colossus  
  78  6:37  Zealot  
  78  6:38  Zealot x2  
  65  7:08  Zealot x3  
  65  7:09  Zealot x3  
  65  7:12  Pylon  
  71  7:28  Zealot x2  
  55  7:37  Zealot  
  55  7:38  Zealot x3  
  55  7:42  Pylon  
  61  7:45  Pylon  
Tags
 
Add a new tag
Caveats
  • Supply blocks, unpowered buildings, or Contaminate may cause inaccurate times.
  • Supply counts are checked every 10 seconds.